[Event "Chinese Championship-B Men 2024"]
[Site "Liaocheng"]
[Date "2024.04.25"]
[Round "9.2"]
[White "Zhang, Di"]
[Black "Jiang, Qinyu"]
[Result "1-0"]
[ECO "B22"]
[WhiteElo "2303"]
[BlackElo "2319"]
[Annotator "TA"]
[PlyCount "91"]
[EventDate "2024.04.24"]
[EventType "swiss"]
[EventCountry "CHN"]
[SourceTitle "playchess.com"]
[Source "ChessBase"]
[SourceQuality "1"]
[TimeControl "5400+30"]

1. e4 c5 2. c3 e5 3. Nf3 Nc6 4. Bc4 Nf6 5. Ng5 d5 6. exd5 {[%emt 0:00:10] B22: Sicilian: 2 c3.} Nxd5 7. Qh5 g6 8. Qf3 Qxg5 9. Bxd5 Nd8 10. O-O Qe7 11. d4 cxd4 12. cxd4 exd4 13. Bf4 g5 14. Bg3 Bg7 15. Na3 Be6 $146 ({Predecessor:} 15... O-O 16. Nb5 Be6 17. Nc7 Rc8 18. Nxe6 fxe6 19. Qe4 Qf7 20. Bb3 Qf5 21. Rae1 Kh8 {½-½ Zelbel,P (2458)-Svane,F (2496) Bundesliga 2122 2022 (8.5)}) 16. Nb5 g4 (16... O-O $14) 17. Qb3 (17. Qd3 $16 O-O 18. Bd6) 17... O-O $11 18. Bd6 Qd7 $1 19. Bxe6 $1 Nxe6 20. Bxf8 Rxf8 21. Rad1 Nf4 22. Rfe1 Rd8 (22... a6 $1 $11 23. Nxd4 Bxd4) 23. Qg3 Qf5 (23... Ng6 $1 $14 24. Qb3 (24. Nxa7 $2 b6 $19) 24... b6) 24. h3 $1 $16 h5 25. hxg4 hxg4 26. Qh4 Qd7 (26... Bf6 $16 {might work better.} 27. Nd6 Qg6 (27... Rxd6 28. Re8+ Kg7 29. Qh8+ Kg6 30. Rg8+)) 27. Qg5 $18 (27. Nxa7 Ra8 (27... d3 28. Re4 $16) 28. Qg5 Ne6 $11) 27... Ng6 28. Re4 (28. Nxa7 $6 g3 $16) 28... d3 (28... g3 $16) 29. Re3 $2 (29. Nxa7 $6 g3 $16) (29. Rxg4 Re8 30. Rg3 (30. Nxa7 $2 Re5 $19) 30... Re5 $17) (29. Nc3 $18) 29... Ne5 $16 30. Nc3 $1 (30. Rxe5 f6 31. Qg6 (31. Rxd3 $2 Qxd3 32. Qh4 fxe5 $19) 31... fxe5 $11) 30... f6 $1 31. Qf4 b5 32. b3 Qc6 33. Ne4 Rd5 34. Ree1 (34. Kf1 $16) 34... Kf7 (34... f5 $1 $11 {remains equal.} 35. Ng3 (35. Qxf5 $2 {loses.} Nf3+ 36. gxf3 Rxf5 $19) 35... Ng6) 35. Ng3 (35. Rc1 $16 Qd7 36. Rc5) 35... Qd7 $1 $11 36. Qe4 Ng6 $1 37. Qe3 f5 38. Nh5 $1 f4 ({Not} 38... d2 $2 39. Re2 $18) 39. Nxf4 Bd4 $1 40. Qe6+ Qxe6 41. Nxe6 Bb6 42. b4 Ne5 $2 (42... g3 $11 {and Black stays safe.} 43. Nc5 Ne5) 43. Nf4 $18 Rd4 44. Rxe5 Rxf4 45. Rxd3 (45. Rxb5 $18 Bxf2+ 46. Kh2) 45... g3 $2 (45... Bxf2+ $2 {too greedy.} 46. Kh2 g3+ 47. Kh3 $18) (45... Rxf2 $16 46. Rxb5 Rxa2+ 47. Kh1 Ke6) 46. Rf3 1-0

[Event "Chinese Championship-B Men 2024"]
[Site "Liaocheng"]
[Date "2024.04.25"]
[Round "9.3"]
[White "Zhu, Yilun"]
[Black "Xie, Kaifan"]
[Result "0-1"]
[ECO "D38"]
[WhiteElo "2125"]
[BlackElo "2393"]
[Annotator "TA"]
[PlyCount "94"]
[EventDate "2024.04.24"]
[EventType "swiss"]
[EventCountry "CHN"]
[SourceTitle "playchess.com"]
[Source "ChessBase"]
[SourceQuality "1"]
[TimeControl "5400+30"]

1. Nf3 Nf6 2. c4 e6 3. Nc3 d5 4. d4 Bb4 5. Bg5 Nbd7 6. cxd5 exd5 7. Qc2 h6 8. Bxf6 Bxc3+ 9. bxc3 Nxf6 10. e3 {[%emt 0:00:09] The position is equal.} O-O 11. c4 {[%emt 0:04:28] [#]} c5 $1 12. dxc5 (12. Be2 Qa5+) 12... Qa5+ 13. Qd2 Qxc5 14. Qd4 Qb4+ 15. Qd2 Qxd2+ 16. Nxd2 Be6 17. cxd5 Bxd5 18. f3 Rac8 19. e4 Be6 20. Nb3 Rc2 21. Be2 Rd8 22. Kf2 Bc4 {[%emt 0:04:41] Black has more active pieces.} 23. Rhe1 b5 24. Kf1 Rb2 (24... Nh5 $15 25. g3 g5) 25. Na5 Be6 (25... Bxe2+ {simplifies} 26. Rxe2 Rxe2 27. Kxe2 Rd4) 26. Nc6 (26. Reb1 $11 Rdd2 (26... Rxa2 27. Rxa2 Bxa2 28. Rxb5 $14) 27. Rxb2 Rxb2 28. Nc6) 26... Rdd2 $15 {[%emt 0:00:30] Strongly threatening ...Bc4.} 27. Rad1 Rxd1 ({Of course not} 27... Rxa2 28. Rxd2 Rxd2 29. Bxb5 $11) (27... Nxe4 $2 28. fxe4 Rxe2 29. Rxe2 $18) (27... Rxe2 $1 $15 28. Rxe2 (28. Rd8+ $2 Kh7 $19) 28... Bc4) 28. Rxd1 $11 a6 29. a3 Nd7 30. Nd8 (30. Nb4 $11 {might be stronger.}) 30... Nc5 $15 31. Rc1 {[%emt 0:00:40] [#] Inhibits Bc4.} ({White should play} 31. Rd6 $15) 31... Nb3 $1 $17 32. Rc3 Nd2+ 33. Ke1 Bc4 {[%emt 0:00:01] Threatens to win with ...Nb1.} 34. Bxc4 Nxc4 {[%emt 0:00:01][%mdl 4096] Endgame. KRN-KRN} 35. Kf1 Rb1+ 36. Kf2 Rb2+ (36... Ra1 $17 37. Nc6 Ra2+ (37... Rxa3 38. Rxa3 Nxa3 39. Ke3 $17) (37... Nxa3 $2 38. Ne5 $17) 38. Kg3 Rxa3 39. Rxa3 Nxa3) 37. Kg3 $2 (37. Kf1 $1 $11 {and White stays safe.}) 37... Ra2 $19 38. e5 (38. Nc6 $17 {is a better defense.}) 38... Rxa3 39. Rxa3 Nxa3 {[%emt 0:00:01] KN-KN} 40. Nc6 (40. Nb7 {might work better.}) 40... Nc4 {[%emt 0:00:18] Hoping for ...a5. Black is clearly winning.} 41. Kf2 a5 42. Ke2 b4 43. Kd3 {[%emt 0:00:21] [#]} b3 $1 {[%emt 0:00:09][%cal Oa5a4] White must now prevent ...a4!} 44. f4 (44. Ne7+ Kf8) 44... b2 45. Kc2 a4 46. Nb4 a3 {[%emt 0:00:05][%cal Oc4d2] ( -> ...Nd2!)} 47. Na2 {[%emt 0:00:11] [#]} Nd2 $1 {[%emt 0:01:20][%mdl 512] Weighted Error Value: White=0.47/Black=0.17 (very precise) .  Loses game:     	White=1     	---        Mistake:       	White=5     	Black=3      Inaccurate:     	White=2     	---        OK:         	White=9     	Black=14     Best:        	White=3     	Black=6      Strong:       	---       	Black=1} 0-1

[Event "Chinese Championship-B Men 2024"]
[Site "Liaocheng"]
[Date "2024.04.25"]
[Round "9.4"]
[White "Chen, Zimu(Js)"]
[Black "Chen, Hongsen"]
[Result "1-0"]
[ECO "A07"]
[WhiteElo "2075"]
[BlackElo "2171"]
[Annotator "TA"]
[PlyCount "115"]
[EventDate "2024.04.24"]
[EventType "swiss"]
[EventCountry "CHN"]
[SourceTitle "playchess.com"]
[Source "ChessBase"]
[SourceQuality "1"]
[TimeControl "5400+30"]

1. Nf3 d5 2. g3 Nf6 3. Bg2 c6 4. O-O Bg4 5. h3 Bh5 6. c4 {[%emt 0:00:15] A07: Réti Opening: New York and Capablanca Systems.} e6 7. Qb3 Qb6 8. Qxb6 axb6 9. cxd5 exd5 10. b3 $146 ({Predecessor:} 10. d4 Bd6 11. Nc3 O-O 12. Ne5 Nbd7 13. f4 h6 14. g4 Bg6 15. f5 Bh7 16. Bf4 {½-½ Pogorevici,L (2097)-Dobrin,C (2031) Ploiesti Master op 2003 (5)}) 10... Bd6 11. Bb2 O-O 12. a4 Re8 13. g4 (13. Bxf6 $11 gxf6 14. e3) 13... Bg6 $17 14. Nd4 (14. e3 $15) 14... Bc5 15. e3 Na6 16. Nf5 Bxf5 17. gxf5 Ne4 18. d3 Nd6 (18... Nxf2 $5 19. Rxf2 Bxe3 $19) 19. f6 Bb4 (19... g6 $15) 20. Na3 $1 $11 g6 (20... Nc5 21. Nc2 Nxd3 22. Nxb4 Nxb4 (22... Nxb2 23. Ra2 $16) 23. Ba3 $14 (23. fxg7 Nd3 $17)) 21. Nc2 Nf5 22. e4 Nh4 23. exd5 Nxg2 24. Kxg2 Re2 25. Rac1 Bd2 26. Rb1 Bg5 27. Ne1 (27. Nd4 Rxb2 28. Rxb2 Bxf6 $19) 27... cxd5 28. Nf3 Bf4 29. Rfe1 Rxe1 30. Rxe1 Nc5 31. Bd4 Bd6 32. Be5 Nxd3 33. Bxd6 Nxe1+ 34. Nxe1 Rc8 35. Nf3 Rc3 36. b4 Ra3 37. Ne5 h6 (37... g5 $11) 38. Nd7 $1 $14 d4 39. Nxb6 d3 {[%emt 0:00:05] [#]} 40. Bf4 $1 Rb3 {[%emt 0:02:45] [#]} 41. b5 $1 (41. Bxh6 $6 Rxb4 42. a5 Rb5 $11) 41... g5 42. Be3 Kh7 (42... Rb2 $16 {was worth a try.} 43. Kf3 Ra2) 43. Kf3 $18 Kg6 (43... Ra3 {was called for.} 44. Ke4 Kg6) 44. Ke4 h5 (44... Ra3 $142 45. Nc4 Rxa4 46. Kxd3 Kxf6) 45. Nc4 $18 Kxf6 46. Na5 d2 47. Bxd2 $1 (47. Nxb3 $2 {too greedy.} d1=Q (47... d1=B $2 48. Nc5 $18) 48. Bd4+ Kg6 $19) 47... Rxh3 48. Nxb7 Rb3 (48... h4 $142 49. Nc5 Ra3) 49. Nc5 $18 Rb1 50. b6 h4 51. Kf3 ({Stronger than} 51. b7 h3 $11) 51... Ke5 52. a5 ({Weaker is} 52. Bxg5 Kd5 $16) 52... Kd5 53. a6 g4+ 54. Kg2 g3 55. a7 Ra1 56. b7 h3+ 57. Kxg3 Ra3+ 58. Kh2 1-0

[Event "Chinese Championship-B Men 2024"]
[Site "Liaocheng"]
[Date "2024.04.25"]
[Round "9.5"]
[White "Meng, Yihan"]
[Black "Wang, Hao B"]
[Result "1-0"]
[ECO "B51"]
[WhiteElo "2042"]
[BlackElo "2170"]
[Annotator "TA"]
[PlyCount "79"]
[EventDate "2024.04.24"]
[EventType "swiss"]
[EventCountry "CHN"]
[SourceTitle "playchess.com"]
[Source "ChessBase"]
[SourceQuality "1"]
[TimeControl "5400+30"]

1. e4 c5 2. Nf3 d6 3. Bb5+ Nc6 4. O-O Bd7 5. Re1 Nf6 6. c3 a6 7. Bf1 Bg4 8. d4 e5 (8... cxd4 $11 {keeps the balance.} 9. cxd4 e5) 9. d5 $16 Nb8 10. h3 Bh5 {[%emt 0:00:14] White is better.} 11. a4 Be7 12. Bd3 O-O 13. Nbd2 Nbd7 14. a5 Qc7 15. Qe2 Rac8 16. Nc4 Rfe8 17. Be3 Bg6 18. Nfd2 Nh5 19. g3 {[%emt 0:17:38] Against Nf4} Bd8 20. b4 {[%emt 0:08:10] White is more active.} Nhf6 21. Rec1 Qb8 22. f3 Nh5 (22... Be7 $16 23. Bf2 Qc7) 23. Kh2 $18 Rf8 24. Rab1 f5 $2 {[%emt 0:02:17] [#]} (24... Nhf6 {was worth a try.} 25. b5 axb5) 25. exf5 Bxf5 (25... Bf7 $142 26. Ne4 Bxd5 27. Ncxd6 (27. Nexd6 Kh8 $18) 27... Bxe4 28. Bc4+ (28. Nxe4 Kh8 $18) (28. fxe4 Qxd6 29. Rd1 Nxg3 $18) 28... Kh8) 26. Bxf5 {[%emt 0:01:00] White is clearly winning.} Rxf5 27. Ne4 Be7 28. bxc5 dxc5 29. d6 Bd8 30. Rb2 Qa7 31. Rcb1 Rb8 32. Qd1 Rf7 33. Qd5 b5 34. axb6 (34. Bxc5 Qb7 35. Qxb7 Rxb7 $11) 34... Qb7 35. Qxb7 Rxb7 36. Kg2 Nhf6 37. Nxc5 ({Inferior is} 37. Bxc5 Nxe4 38. Bg1 Nxc3 $11) 37... Nxc5 38. Bxc5 Nd5 39. Rb3 Bf6 40. Rd1 {[%emt 0:02:22] Weighted Error Value: White=0.13 (very precise) /Black=0.41.  Mistake:       	---       	Black=3      OK:         	White=8     	Black=2      Best:        	White=2     	---} 1-0

[Event "Chinese Championship-B Men 2024"]
[Site "Liaocheng"]
[Date "2024.04.25"]
[Round "9.6"]
[White "Pan, Shi Tian Yu"]
[Black "Xie, Jianjun"]
[Result "1/2-1/2"]
[ECO "C42"]
[WhiteElo "2166"]
[BlackElo "2384"]
[Annotator "TA"]
[PlyCount "89"]
[EventDate "2024.04.24"]
[EventType "swiss"]
[EventCountry "CHN"]
[SourceTitle "playchess.com"]
[Source "ChessBase"]
[SourceQuality "1"]
[TimeControl "5400+30"]

1. e4 e5 2. Nf3 Nf6 3. Nxe5 d6 4. Nf3 Nxe4 5. d4 d5 6. Bd3 Nc6 7. O-O Bg4 8. c4 Nf6 9. cxd5 Nxd5 10. Nc3 Be7 11. Be4 Nf6 12. Bxc6+ bxc6 13. Be3 Rb8 {[%emt 0:11:55][%cal Oe8g8] White is slightly better.} 14. b3 Nd5 15. Na4 O-O 16. h3 Bh5 17. Nb2 Bb4 18. Nd3 Nc3 19. Qc2 Bxf3 20. gxf3 {[%emt 0:01:04] [#]} Nd5 21. Ne5 Bd6 22. Qxc6 (22. Rae1 $15) 22... Bxe5 (22... Nxe3 $17 23. fxe3 Bxe5 24. dxe5 Qg5+ 25. Kh1 Qxe5 (25... Qxe3 26. Qe4 $15)) 23. dxe5 $15 Nxe3 24. fxe3 Qg5+ 25. Kh1 Rb6 ({Better is} 25... Qg3 $15 26. Qc2 Rfe8 (26... Qxe5 27. e4 $17) (26... Qxh3+ 27. Qh2 $17)) 26. f4 $11 {[%emt 0:04:47] [#] Qxb6 is the strong threat.} Qxe5 27. fxe5 Rxc6 28. Rac1 Rxc1 29. Rxc1 {[%emt 0:00:07][%mdl 4096] Endgame. KR-KR} Rc8 30. Kg2 Kf8 31. Kf3 Ke7 32. Rc6 Kd7 33. Ra6 Ra8 34. Ke4 Kc8 (34... Rb8 $1 $11) 35. Kf5 $14 {[%emt 0:03:29] White is more active.} Kb7 36. Ra4 Re8 37. Rh4 h5 38. Rb4+ (38. Rxh5 $2 {perishes.} g6+ 39. Kf6 gxh5 $19) 38... Kc6 39. Rc4+ Kb6 40. Rd4 Kc6 {[%emt 0:01:21] Dodges Rd7} 41. h4 a5 42. e4 Re6 43. Rc4+ (43. Rd8 $16) 43... Kd7 $11 44. Rd4+ Ke7 45. Rc4 {[%emt 0:00:39] Weighted Error Value: White=0.13 (very precise) /Black=0.10 (very precise) .  Mistake:       	White=2     	Black=3      Inaccurate:     	White=4     	Black=2      OK:         	White=13    	Black=17     Best:        	White=1     	Black=2} 1/2-1/2

[Event "Chinese Championship-B Men 2024"]
[Site "Liaocheng"]
[Date "2024.04.25"]
[Round "9.7"]
[White "Wang, Zihang"]
[Black "Jin, Yueheng"]
[Result "1-0"]
[ECO "B40"]
[WhiteElo "1846"]
[BlackElo "2407"]
[Annotator "TA"]
[PlyCount "101"]
[EventDate "2024.04.24"]
[EventType "swiss"]
[EventCountry "CHN"]
[SourceTitle "playchess.com"]
[Source "ChessBase"]
[SourceQuality "1"]
[TimeControl "5400+30"]

1. e4 c5 2. Nf3 e6 3. d4 cxd4 4. Nxd4 Nf6 5. Bd3 Nc6 6. Nxc6 bxc6 7. Bf4 d5 8. Nd2 Nd7 9. O-O {[%emt 0:09:29] The position is equal.} Qf6 10. Bg3 {[%emt 0:04:27] Strongly threatening exd5.} Nc5 11. e5 (11. exd5 $14 Nxd3 12. cxd3 cxd5 13. Qb3) 11... Qh6 (11... Qd8 $11) 12. Nb3 $14 a5 13. Nxc5 Bxc5 14. Qe2 (14. c4 $14) 14... Qg5 (14... O-O $11) 15. Kh1 ({Better is} 15. c4 $1 $14 Bd7 16. Rac1) 15... h5 {[%emt 0:05:06] ...h4 would now be deadly.} 16. f4 Qg4 17. Qxg4 (17. Rf3 $14 h4 18. Bf2) 17... hxg4 $15 18. f5 Rh5 19. f6 gxf6 20. Rxf6 Be7 (20... Ba6 $11 {keeps the balance.}) 21. Rf4 $16 Rxe5 {[%emt 0:19:09] [#]} 22. Rxf7 $1 Kxf7 23. Bxe5 Ba6 24. Rf1+ Ke8 25. Rf4 {[%emt 0:00:37] White is more active.} ({But not} 25. Bg6+ $6 Kd7 26. Rf7 Rf8 $11) 25... Bxd3 26. cxd3 {[%emt 0:00:06][%mdl 4096] Endgame. KRB-KRB} g3 {[%emt 0:00:02] [#]} 27. hxg3 ({White should try} 27. h4 $1 $16) 27... Kd7 28. Rf7 {[%emt 0:03:39] And now g4 would win.} Rf8 (28... Rg8 $1 $14) 29. Rxf8 Bxf8 {[%emt 0:00:01] KB-KB} 30. g4 {[%emt 0:01:59] Black must now prevent g5.} Ke8 $2 {[%emt 0:00:32] [#] Black cannot hold the game after this.} (30... a4 $16 31. g5 Ke8) 31. a4 $1 $18 Bc5 32. Kh2 Kf7 33. Kg3 Bb6 34. Kf3 Kg6 35. Kf4 Bd8 36. Bd6 Bf6 37. b4 axb4 38. Bxb4 Bd4 39. a5 e5+ 40. Kf3 {[%emt 0:00:10] aiming for Bd6.} Kf6 41. Bd6 Ke6 42. Bc7 {[%emt 0:00:15] White threatens Bb6 and mate.} Kd7 43. Bb6 {[%emt 0:00:07] Intending Bxd4 and mate.} c5 44. a6 {[%emt 0:00:28] White mates.} Kc6 45. a7 Kb7 {[%emt 0:00:02] [#]} 46. g5 $1 Ka8 (46... Bb2 47. Bxc5) 47. g6 Kb7 {[%emt 0:00:02] [#]} 48. Bxc5 $1 e4+ (48... Bxc5 49. g7) 49. dxe4 dxe4+ 50. Kxe4 Bf6 51. Bd4 {[%emt 0:00:07] Weighted Error Value: White=0.12 (very precise) /Black=0.51.  Loses game:     	---       	Black=1      Mistake:       	White=5     	Black=4      Inaccurate:     	---       	Black=6      OK:         	White=15    	Black=6      Best:        	White=4     	Black=2      Strong:       	White=1     	---} 1-0

[Event "Chinese Championship-B Men 2024"]
[Site "Liaocheng"]
[Date "2024.04.25"]
[Round "9.8"]
[White "Xia, Jinnan"]
[Black "Jiang, Haochen"]
[Result "1/2-1/2"]
[ECO "D24"]
[WhiteElo "1819"]
[BlackElo "2381"]
[Annotator "RC"]
[PlyCount "135"]
[EventDate "2024.04.24"]
[EventType "swiss"]
[EventCountry "CHN"]
[SourceTitle "playchess.com"]
[Source "ChessBase"]
[SourceQuality "1"]
[TimeControl "5400+30"]

1. d4 Nf6 2. c4 e6 3. Nf3 d5 4. Nc3 dxc4 5. e3 a6 6. Ne5 b5 7. a4 b4 8. Ne2 c5 9. Nxc4 Nc6 10. b3 Na5 11. Nxa5 Qxa5 12. Bb2 Bb7 13. dxc5 Rd8 14. Qc2 Bxc5 15. Rd1 O-O 16. Bxf6 gxf6 17. Nf4 Bd6 18. Bd3 Bxf4 19. exf4 f5 20. Be2 Rxd1+ 21. Bxd1 Rc8 22. Qd3 Rc3 23. Qd6 Qd5 24. Qxb4 Rc1 25. Qd2 Qe4+ 26. Qe3 Qxg2 27. Qxc1 Qxh1+ 28. Ke2 Qxh2 29. Qc7 Qg2 30. Qd8+ Kg7 31. Qd4+ Kg6 32. Qh8 Qe4+ 33. Kf1 Qh1+ 34. Ke2 Bf3+ 35. Ke3 Qe1+ 36. Kxf3 Qxd1+ 37. Kg2 Qg4+ 38. Kf1 Qxf4 39. Qg8+ Kf6 40. Qxh7 Ke7 41. Qh8 Qb4 42. Qb2 f4 43. Qc2 Kf6 44. Qd3 a5 45. Qd8+ Kf5 46. Qd7 Qxb3 47. Qxf7+ Ke4 48. Qh7+ Kd4 49. Qa7+ Kd3 50. Qxa5 Qd1+ 51. Qe1 Qg4 52. Qb1+ Kc3 53. Qc1+ Kb4 54. Qc6 Qf5 55. f3 Qb1+ 56. Kf2 Qa2+ 57. Kf1 Qb1+ 58. Kf2 Qf5 59. Kf1 Qe5 60. Kf2 Qf5 61. Kf1 Ka5 62. Kf2 Qe5 63. Kf1 Kb4 64. Kf2 Qe3+ 65. Kf1 e5 66. Qb5+ Ka3 67. Qc6 Qd3+ 68. Kg2 1/2-1/2

[Event "Chinese Championship-B Men 2024"]
[Site "Liaocheng"]
[Date "2024.04.25"]
[Round "9.9"]
[White "Wu, Yixing"]
[Black "Jin, Hongtao"]
[Result "1-0"]
[ECO "D84"]
[WhiteElo "2348"]
[BlackElo "1903"]
[Annotator "TA"]
[PlyCount "125"]
[EventDate "2024.04.24"]
[EventType "swiss"]
[EventCountry "CHN"]
[SourceTitle "playchess.com"]
[Source "ChessBase"]
[SourceQuality "1"]
[TimeControl "5400+30"]

1. d4 Nf6 2. c4 g6 3. Nc3 d5 4. Bf4 Bg7 5. e3 O-O 6. cxd5 Nxd5 7. Nxd5 Qxd5 8. Bxc7 Na6 9. Bxa6 Qxg2 10. Qf3 Qxf3 11. Nxf3 bxa6 12. Rc1 Be6 13. a3 Bd5 14. Ke2 e5 {[%emt 0:00:52] White is slightly better.} 15. Bxe5 (15. dxe5 $16 f6 16. Rhd1) 15... Bxe5 $14 16. dxe5 Rab8 17. b4 {[%emt 0:05:50] Strongly threatening Rhd1.} a5 18. Rhd1 (18. bxa5 $2 Rb2+ 19. Nd2 Bxh1 20. Rxh1 Rd8 $19) 18... Bxf3+ 19. Kxf3 axb4 20. axb4 {[%emt 0:00:01][%mdl 4096] Endgame. KRR-KRR} Rfe8 21. Rc5 Rxb4 22. Rd7 a6 23. e4 Rb5 24. Rcc7 Rbxe5 25. Rxf7 Rxe4 26. Rg7+ Kh8 27. Rxh7+ Kg8 28. Rcg7+ Kf8 29. Rf7+ Kg8 30. Rhg7+ Kh8 31. Rxg6 R4e6 32. Rg4 a5 33. Ra7 Re5 34. h4 Rf8+ 35. Rf4 Rfe8 {[%emt 0:05:00] White stays focused until the end.} ({Better is} 35... Rg8 $1 $14) 36. Kg3 (36. Rff7 $1 $18) 36... Rc5 (36... R8e7 $16 {was called for.} 37. Rf8+ Kg7) 37. Rff7 $18 Rg8+ 38. Kh3 Rd8 39. f4 {[%emt 0:02:56] Black must now prevent Rh7+.} Rb8 (39... a4 {was worth a try.} 40. Rh7+ (40. Rxa4 Rg8 $14) 40... Kg8) 40. Rh7+ Kg8 41. Rag7+ Kf8 42. Rg5 Rbc8 {[%emt 0:03:12] [#]} 43. Kg4 $1 {[%emt 0:02:09] h5 would now be deadly.} a4 44. Ra7 {[%emt 0:00:34] aiming for Rxc5.} Rc4 (44... R8c7 45. Rxa4 Rc2) 45. h5 {[%emt 0:01:03] Threatening mate with h6.} R8c6 46. Rf5+ Kg8 47. Kg5 {[%emt 0:02:44] Ra8+ would kill now.} Rc1 {[%emt 0:00:40] [#]} 48. Ra8+ $1 {[%emt 0:00:10] White mates.} (48. Rxa4 Rc7 $11 (48... Rg1+ 49. Kh4 $11)) 48... Rc8 49. Rxc8+ ({Worse is} 49. Rxa4 Rg1+ 50. Kh4 (50. Kf6 Rf8+ 51. Ke6 Re8+ 52. Kd7 Rge1 $11) 50... Rh1+ 51. Kg3 Rc7 $11) 49... Rxc8 {[%emt 0:00:05] KR-KR} 50. Ra5 Rc1 51. Rxa4 (51. Ra8+ Kg7 $16) 51... Rg1+ 52. Kf6 Rb1 53. Ra7 Rb6+ 54. Kg5 Rb1 55. f5 Rg1+ 56. Kf6 Rb1 57. Re7 Rb6+ 58. Re6 Rb1 59. Re8+ Kh7 60. Kf7 Kh6 61. f6 Rb7+ 62. Kg8 Rh7 63. Re7 {[%emt 0:00:28] Weighted Error Value: White=0.19 (very precise) /Black=0.44.  Mistake:       	White=2     	Black=4      Inaccurate:     	White=3     	Black=3      OK:         	White=18    	Black=8      Best:        	White=2     	Black=2      Strong:       	White=1     	---} 1-0

[Event "Chinese Championship-B Men 2024"]
[Site "Liaocheng"]
[Date "2024.04.25"]
[Round "9.10"]
[White "Gong, Changda"]
[Black "Jiang, Bryan Liu"]
[Result "1-0"]
[ECO "A11"]
[WhiteElo "2170"]
[BlackElo "1800"]
[Annotator "TA"]
[PlyCount "75"]
[EventDate "2024.04.24"]
[EventType "swiss"]
[EventCountry "CHN"]
[SourceTitle "playchess.com"]
[Source "ChessBase"]
[SourceQuality "1"]
[TimeControl "5400+30"]

1. c4 c6 2. g3 d5 3. Nf3 Nf6 4. Bg2 Bf5 5. Qb3 Qb6 6. d3 e6 7. Be3 Qxb3 8. axb3 a6 {[%emt 0:00:59] The position is equal.} 9. Bd4 Nbd7 10. Bc3 Rc8 11. Nh4 Bg6 12. Nxg6 hxg6 13. Nd2 e5 14. e3 Bd6 15. h4 O-O 16. O-O Rfe8 17. b4 Nf8 18. Nb3 Ne6 19. Rfd1 Rcd8 20. Na5 Re7 21. e4 d4 22. Bd2 Nh5 23. Bh3 Rb8 24. Rf1 Rf8 25. Bg4 Nf6 26. Bd1 Nh7 (26... Rb8 $142 27. c5 Bc7) 27. f4 f5 (27... exf4 $16 28. gxf4 Bb8) 28. c5 $18 Bb8 29. Bb3 {[%emt 0:00:42] Black must now prevent exf5.} fxe4 30. dxe4 {[%emt 0:01:00][%cal Bd3e4,Be4e5][%mdl 32] [#] f5 would now be deadly.} exf4 31. gxf4 {[%emt 0:00:13] Hoping for f5.} Kh8 32. e5 Rd8 $2 {[%emt 0:04:55] [#]} (32... Nd8 {keeps fighting.} 33. Bc2 Rg8) 33. Nxb7 $1 {[%emt 0:01:44][%mdl 512] White is clearly winning.} Rxb7 34. Bxe6 Re7 35. Bc4 d3 36. Ra3 Rd4 37. Bxa6 Red7 38. Rf3 {[%emt 0:00:19] Weighted Error Value: White=0.09 (flawless) /Black=0.28 (precise) .  Mistake:       	---       	Black=3      Inaccurate:     	White=2     	Black=4      OK:         	White=12    	Black=8      Best:        	White=1     	---} 1-0

[Event "Chinese Championship-B Men 2024"]
[Site "Liaocheng"]
[Date "2024.04.25"]
[Round "9.11"]
[White "Xu, Ziyuan"]
[Black "Yu, Chaojie"]
[Result "0-1"]
[ECO "B11"]
[WhiteElo "1872"]
[BlackElo "2047"]
[Annotator "RC"]
[PlyCount "124"]
[EventDate "2024.04.24"]
[EventType "swiss"]
[EventCountry "CHN"]
[SourceTitle "playchess.com"]
[Source "ChessBase"]
[SourceQuality "1"]
[TimeControl "5400+30"]

1. e4 c6 2. Nc3 d5 3. Nf3 dxe4 4. Nxe4 Nf6 5. Qe2 Nxe4 6. Qxe4 Nd7 7. Bc4 Nf6 8. Ne5 e6 9. Qe2 b5 10. Nxc6 Qc7 11. Bd3 Bb7 12. Ne5 a6 13. O-O Bd6 14. Re1 Nd5 15. Nf3 Nf4 16. Qe3 Bc5 17. Qe5 Qxe5 18. Rxe5 Nxd3 19. cxd3 Bd6 20. Re1 Bxf3 21. gxf3 O-O-O 22. b3 Bb8 23. a4 Rxd3 24. axb5 axb5 25. Re3 Rhd8 26. Ra5 R3d5 27. Ba3 Kb7 28. Bb4 Bc7 29. Ra2 Bb6 30. Re4 Rd3 31. Rf4 f6 32. Bc3 Bd4 33. Ba5 Rc8 34. Kg2 e5 35. Rh4 h6 36. b4 Rc1 37. Bd8 Bxf2 38. Rg4 Rg1+ 39. Kxf2 Rxg4 40. Bxf6 Rxb4 41. Bxg7 Rbb3 42. Bxe5 Rxf3+ 43. Ke2 Rf5 44. d4 h5 45. Rc2 Rff3 46. Rc7+ Kb6 47. Rh7 Rfc3 48. Rxh5 Rb2+ 49. Kd1 Rf3 50. Rh6+ Kb7 51. Rf6 Rxf6 52. Bxf6 Rxh2 53. d5 Rh5 54. Kc2 Rxd5 55. Kb3 Kc6 56. Be7 Rd3+ 57. Kb4 Rd4+ 58. Kb3 Kd5 59. Bb4 Rd3+ 60. Kc2 Kc4 61. Bd2 Rxd2+ 62. Kxd2 Kb3 0-1